 Dungeon Crawl Stone Soup version 0.19-b1-3-g7dea586 (webtiles) character file.

594 Mesmaeker13 the Conjurer (level 7, -4/41 HPs)
             Began as a High Elf Conjurer on Oct 28, 2016.
             Slain by Edmund
             ... wielding a +4 dire flail of protection
              (6 damage)
             ... on level 4 of the Dungeon.
             The game lasted 00:12:09 (4599 turns).

Mesmaeker13 the Conjurer (High Elf Conjurer)        Turns: 4599, Time: 00:12:10

Health: -4/41      AC:  3    Str:  7    XL:     7   Next: 16%
Magic:  1/17       EV: 13    Int: 22    God:
Gold:   242        SH:  0    Dex: 15    Spells: 3 memorised, 13 levels left

rFire  . . .     SeeInvis .     i - +3 dagger (freeze)
rCold  . . .     Gourm    .     a - +0 robe
rNeg   . . .     Faith    .     (no shield)
rPois  .         Spirit   .     (no helmet)
rElec  .         Reflect  .     (no cloak)
rCorr  .         Harm     .     f - +0 pair of gloves
MR     .....                    (no boots)
Stlth  ++........               (no amulet)
                                (no ring)
                                (no ring)

@: no status effects
A: no striking features
a: no special abilities


You were on level 4 of the Dungeon.
You were not hungry.

You visited 1 branch of the dungeon, and saw 4 of its levels.

You collected 242 gold pieces.

Inventory:

Hand Weapons
 i - a +3 dagger of freezing (weapon)
Armour
 a - a +0 robe (worn)
 f - a +0 pair of gloves (worn)
Wands
 h - a wand of iceblast (0/15)
Scrolls
 e - a scroll of recharging
 g - a scroll of remove curse
 j - a scroll of teleportation {unknown}
 k - 2 scrolls of magic mapping
Potions
 d - a potion of agility {unknown}
 l - a potion of lignification {unknown}
 m - 2 potions of haste {unknown}
 o - a potion of berserk rage {unknown}
 p - a potion of curing
Books
 b - a book of Conjurations

   Spells                             Type                      Level
   a - Magic Dart                     Conjuration                  1
   b - Searing Ray                    Conjuration                  2
   c - Dazzling Spray                 Conjuration/Hexes            3
   d - Fulminant Prism                Conjuration/Hexes            4
   e - Iskenderun's Mystic Blast      Conjuration                  4
   f - Iskenderun's Battlesphere      Conjuration/Charms           5
Comestibles
 c - 3 bread rations
 n - a chunk of flesh
 q - a meat ration


   Skills:
 - Level 2.1 Dodging
 - Level 2.1 Stealth
 + Level 6.5 Spellcasting
 + Level 7.3 Conjurations


You had 13 spell levels left.
You knew the following spells:

 Your Spells              Type           Power        Failure   Level  Hunger
a - Magic Dart            Conj           ####         1%          1    None
b - Searing Ray           Conj           #####.       1%          2    None
c - Dazzling Spray        Conj/Hex       ###...       8%          3    #......


Dungeon Overview and Level Annotations

Branches:
Dungeon (4/15)
 Temple: D:4-7

Altars:
Elyvilon

Annotations:
D:4 Edmund


Message History

Edmund is heavily wounded.
Edmund barely misses you.
The searing ray hits Edmund.
Edmund is almost dead.
You finish channeling your searing ray.
Edmund closely misses you.
Edmund hits you with a dire flail of protection!
* * * LOW HITPOINT WARNING * * *
Casting: Searing Ray
Confirm with . or Enter, or press ? or * to list all spells.
Aiming: Searing Ray
Press: ? - help, Shift-Dir - straight line, f/p - Edmund
Aim: Edmund, wielding a dire flail of protection and wearing a ring mail (almost dead)
The searing ray hits Edmund.
Edmund is almost dead.
Edmund hits you with a dire flail of protection!
* * * LOW HITPOINT WARNING * * *
The searing ray hits Edmund.
Edmund is almost dead.
Edmund hits you with a dire flail of protection.
You die...

#.#.# #.##.# #♣...♣♣.........
#.#.## ♣.♣#+###.♣♣♣♣#.........
#....♣ ♣......).# #.........
####...♣♣♣♣.♣.....## #...@.....
......♣♣♣♣..♣.....# #.........
####..♣P♣...♣.....# #.........
#....(.P♣♣.....# #.........
####..♣♣♣♣♣♣....(.###########...#
..............>.@@...............
###.......###########............
#.#.###.#......................
#.#.###.#......................
#.......+.......[..............
###..##.#.................P....
#..##.#............###.P.P.##
#..................# #).♣...#
#.####.............# #P.♣...#


You could see Edmund.

Vanquished Creatures
  Purgy (D:3)
  A howler monkey (D:4)
  A centaur skeleton (D:4)
  2 iguanas (D:4)
  5 orc wizards
  Natasha (thrice) (D:2)
  A worker ant (D:3)
  3 adders
  A howler monkey skeleton (D:4)
  A worm (D:2)
  4 dart slugs
  21 orcs
  A ball python (D:3)
  4 giant cockroaches (D:2)
  7 goblins
  8 hobgoblins
  4 jackals (D:3)
  11 kobolds
  3 bats
  3 frilled lizards
  7 rats
92 creatures vanquished.

Vanquished Creatures (others)
  A quokka (D:3)
  A kobold (D:3)
  A plant (D:4)
3 creatures vanquished.

Grand Total: 95 creatures vanquished

Notes
Turn   | Place    | Note
-------+----------+-------------------------------------------
     0 | D:1      | Mesmaeker13 the High Elf Conjurer began the quest for the Orb.
     0 | D:1      | Reached XP level 1. HP: 11/11 MP: 4/4
   442 | D:1      | You fall through a shaft!
   451 | D:2      | Reached XP level 2. HP: 17/17 MP: 0/6
   715 | D:2      | Noticed Natasha
   732 | D:2      | Learned a level 2 spell: Searing Ray
   804 | D:2      | Noticed a crimson imp
   817 | D:2      | Noticed a crimson imp
   829 | D:2      | Killed Natasha
   829 | D:2      | Reached skill level 5 in Conjurations
   829 | D:2      | Reached XP level 3. HP: 12/21 MP: 3/8
  1090 | D:2      | Noticed Natasha
  1193 | D:2      | Killed Natasha
  1193 | D:2      | Reached XP level 4. HP: 27/27 MP: 10/10
  2081 | D:2      | Noticed Natasha
  2084 | D:2      | Killed Natasha
  2110 | D:3      | Reached XP level 5. HP: 30/31 MP: 8/12
  2405 | D:3      | Reached skill level 6 in Conjurations
  2599 | D:3      | Learned a level 3 spell: Dazzling Spray
  2639 | D:3      | Found a white marble altar of Elyvilon.
  2836 | D:3      | Reached skill level 5 in Spellcasting
  3295 | D:4      | Noticed Purgy
  3344 | D:4      | Reached XP level 6. HP: 13/36 MP: 10/15
  4032 | D:3      | Killed Purgy
  4225 | D:3      | Reached skill level 7 in Conjurations
  4364 | D:4      | Reached XP level 7. HP: 30/41 MP: 13/17
  4567 | D:4      | Noticed Edmund
  4598 | D:4      | HP: 2/41 [Edmund/dire flail of protection (10)]
  4599 | D:4      | Slain by Edmund

Skill      XL: |  1  2  3  4  5  6 |
---------------+-------------------+-----
Spellcasting   | 3 4 5 6 |  6.5
Conjurations   | 5 6 7 |  7.3
Dodging        | |  2.1
Stealth        | |  2.1

Action                   |  1- 3 |  4- 6 |  7- 9 || total
-------------------------+-------+-------+-------++-------
Melee: Dagger            |    21 |    59 |     5 ||    85
       Hand axe          |       |    10 |       ||    10
 Cast: Magic Dart        |    34 |    46 |     2 ||    82
       Searing Ray       |     1 |    23 |     5 ||    29
       Dazzling Spray    |       |     3 |     2 ||     5
Evoke: Wand              |       |     4 |     1 ||     5
  Use: Potion            |     3 |     3 |       ||     6
       Scroll            |       |     5 |       ||     5
  Eat: Chunk             |     1 |     8 |     1 ||    10
       Beef jerky        |       |     1 |       ||     1
Armor: Robe              |    12 |    29 |       ||    41
Dodge: Dodged            |    22 |   100 |     8 ||   130
